WCHLSIM.com - West Coast Hockey League
html PUBLIC "-//W3C//DTD XHTML 1.0 Transitional//EN" "http://www.w3.org/TR/xhtml1/DTD/xhtml1-transitional.dtd"> WCHL - Game 537 - SAN DIEGO THUNDER vs REGINA FALCONS

SAN DIEGO THUNDER vs REGINA FALCONS

Created - 28 janvier 2021 at 20:55

Goals
1 2 3 T
SAN DIEGO THUNDER 1 2 1 4
REGINA FALCONS 0 0 0 0
Shots
1 2 3 T
SAN DIEGO THUNDER 9 10 10 29
REGINA FALCONS 11 7 9 27

1st period

1. SAN DIEGO THUNDER , Nikita Kucherov 20 (Mark Scheifele 34, Evander Kane 21) at 2:28

Penalties :
Mark Borowiecki (SDG) for Tripping (Minor) at 0:03, Ivan Provorov (REG) for Roughing (Double Minor) at 6:11

2nd period

2. SAN DIEGO THUNDER , Rasmus Dahlin 1 (Nikita Kucherov 31, Evander Kane 22) at 8:23
3. SAN DIEGO THUNDER , Evander Kane 16 (Mark Scheifele 35, Nikita Kucherov 32) at 11:19

Penalties :
Marcus Foligno (SDG) for Roughing (Minor) at 13:02, Charles McAvoy (SDG) for Holding (Minor) at 17:27

3rd period

4. SAN DIEGO THUNDER , Ilya Mikheyev 11 (David Perron 22, Logan Couture 23) at 18:16

Penalties :
Ilya Mikheyev (SDG) for Hooking (Minor) at 3:07, David Perron (SDG) for Interference (Minor) at 8:35, Brandon Carlo (REG) for Boarding (Minor) at 19:55

Goalie Stats

Connor Hellebuyck (SDG), 27 saves from 27 shots - (1,000), W, 22-7-1, 60:00 minutes
Tristan Jarry (REG), 25 saves from 29 shots - (0,862), L, 12-8-4, 60:00 minutes

Players Stats for SAN DIEGO THUNDER

Player Name              G  A  P  +/- PIM S  H  SB GA TA FO     MP     PP MP  PK MP  
------------------------------------------------------------------------------------
Charles McAvoy           0  0  0   1  2   1  1  4  0  0  0/0    23:29   1:27   3:12 
Connor Murphy            0  0  0   2  0   2  1  1  0  0  0/0    21:07   2:36   6:11 
David Perron             0  1  1   1  2   6  1  0  0  0  0/1    20:40   2:40   2:19 
Deryk Engelland          0  0  0   1  0   0  0  1  0  0  0/0    19:04   0:00   4:13 
Drake Batherson          0  0  0   0  0   0  0  0  0  0  0/2     5:35   0:00   4:56 
Evander Kane             1  2  3   3  0   1  1  0  0  0  0/0    18:30   1:23   0:09 
Haydn Fleury             0  0  0   0  0   0  0  0  0  0  0/0     2:06   1:27   0:00 
Ilya Mikheyev            1  0  1   1  2   1  1  0  0  0  0/1    16:25   1:23   0:00 
Jean-Gabriel Pageau      0  0  0   0  0   2  0  0  0  0  12/23  19:44   1:23   4:59 
Logan Couture            0  1  1   1  0   1  2  0  0  0  12/26  15:03   0:00   0:00 
Marcus Foligno           0  0  0   0  2   4  4  0  0  0  0/0    16:34   0:00   3:13 
Mark Borowiecki          0  0  0   1  2   3  10 3  0  0  0/0    21:59   0:00   4:27 
Mark Scheifele           0  2  2   3  0   1  1  0  0  0  20/27  19:38   2:40   0:00 
Nikita Kucherov          1  2  3   3  0   3  1  0  0  0  1/2    19:38   2:40   0:00 
Rasmus Dahlin            1  0  1   2  0   3  0  1  0  0  0/0    16:45   2:36   1:10 
Robert Fabbri            0  0  0   0  0   0  0  0  0  0  0/0     0:39   0:00   0:00 
Ryan Hartman             0  0  0   0  0   1  2  0  0  0  0/2    17:36   0:00   4:14 
Vladislav Gavrikov       0  0  0   1  0   0  0  0  0  0  0/0    15:28   0:00   0:37 

Players Stats for REGINA FALCONS

Player Name              G  A  P  +/- PIM S  H  SB GA TA FO     MP     PP MP  PK MP  
------------------------------------------------------------------------------------
Anton Stralman           0  0  0   0  0   0  3  3  0  0  0/0    17:53   0:00   2:06 
Brandon Carlo            0  0  0  -2  2   1  4  1  0  0  0/0    22:25   4:49   0:00 
Brenden Dillon           0  0  0  -2  0   1  3  0  0  0  0/0    14:35   0:00   1:57 
Brent Burns              0  0  0  -2  0   2  1  1  0  0  0/0    24:19   4:49   1:53 
Christoffer Ehn          0  0  0  -1  0   1  0  0  0  0  3/8     7:38   1:44   0:00 
Corey Perry              0  0  0  -2  0   0  0  1  0  0  0/0    14:33   0:00   0:00 
David Pastrnak           0  0  0  -1  0   4  0  1  0  0  0/1    22:04   4:46   0:00 
Denis Malgin             0  0  0  -3  0   3  2  1  0  0  7/18   21:27   3:28   1:33 
Derick Brassard          0  0  0   0  0   0  1  0  0  0  7/18   27:02   2:38   2:22 
Erik Gustafsson          0  0  0   0  0   0  0  0  0  0  0/0     5:06   5:06   0:00 
Filip Zadina             0  0  0  -2  0   4  0  0  0  0  0/3    17:24   0:00   2:30 
Ivan Provorov            0  0  0   0  4   0  0  2  0  0  0/0    20:56   5:06   0:04 
Jonathan Miller          0  0  0   0  0   0  1  0  0  0  2/3     1:55   0:51   0:00 
Marc-Edouard Vlasic      0  0  0  -2  0   0  1  0  0  0  0/0    14:44   0:00   2:06 
Matt Martin              0  0  0  -1  0   1  0  0  0  0  1/1     5:51   0:00   1:33 
Max Pacioretty           0  0  0  -1  0   4  1  0  0  0  2/3    22:17   5:16   0:00 
Ryan Getzlaf             0  0  0  -1  0   3  1  1  0  0  17/27  20:00   5:34   0:00 
Tanner Pearson           0  0  0   0  0   3  0  1  0  0  0/2    15:46   5:28   0:08 

3 Stars

1 - Connor Hellebuyck (SDG)
2 - Nikita Kucherov (SDG)
3 - Evander Kane (SDG)

Power Play

SAN DIEGO THUNDER - 0 on 3 Attempt(s) - 0,00%
REGINA FALCONS - 0 on 5 Attempt(s) - 0,00%

Penalty Kill

SAN DIEGO THUNDER - 5 on 5 Attempt(s) - 100,00% - Score 0 goal in Penalty Kill
REGINA FALCONS - 3 on 3 Attempt(s) - 100,00% - Score 0 goal in Penalty Kill

Team Stat

SAN DIEGO THUNDER - Hits : 25 - Faceoff Wins : 45 - Blocked Shots : 10 - Penalty Minutes : 10
REGINA FALCONS - Hits : 18 - Faceoff Wins : 39 - Blocked Shots : 12 - Penalty Minutes : 6

Official

Referees : Jake Brenk and Ian Walsh
Linesman : Luke Murray and Jaime Alary

Game Notes

Jonathan Miller is injured at 5:42 of 1st period (Right Ankle)

Finance

Level 1 -- Attendance: 3827 (63,78%) -- Ticket Income 899 345 $
Level 2 -- Attendance: 3075 (61,50%) -- Ticket Income 553 500 $
Level 3 -- Attendance: 1197 (59,85%) -- Ticket Income 167 580 $
Level 4 -- Attendance: 2474 (61,85%) -- Ticket Income 222 660 $
Luxury Box -- Attendance: 1000 (100,00%) -- Ticket Income 220 000 $
Game was played at the Larouche Arena.
Total Attendance: 11573 (64,29%)
Total Ticket Income: 2 063 085 $
Other Expense: 20 631 $
Total Income: 2 042 454 $

SAN DIEGO THUNDER

5 vs 5 Forward 
   Center                   Left Wing                Right Wing               Time % Phy DF OF 
 1 Mark Scheifele           Evander Kane             Nikita Kucherov          35     0   2  3  
 2 Logan Couture            David Perron             Ilya Mikheyev            30     0   2  3  
 3 Jean-Gabriel Pageau      Marcus Foligno           Ryan Hartman             29     0   3  2  
 4 Robert Fabbri            Marcus Foligno           Drake Batherson          6      0   4  1  

5 vs 5 Defense 
   Defense                  Defense                                           Time % Phy DF OF 
 1 Mark Borowiecki          Charles McAvoy                                    36     0   4  1  
 2 Vladislav Gavrikov       Deryk Engelland                                   31     0   4  1  
 3 Rasmus Dahlin            Connor Murphy                                     18     0   4  1  
 4 Charles McAvoy           Mark Borowiecki                                   15     0   2  3  

PowerPlay Forward 
   Center                   Left Wing                Right Wing               Time % Phy DF OF 
 1 Mark Scheifele           David Perron             Nikita Kucherov          55     0   1  4  
 2 Jean-Gabriel Pageau      Evander Kane             Ilya Mikheyev            45     0   1  4  

PowerPlay Defense
   Defense                  Defense                                           Time % Phy DF OF 
 1 Rasmus Dahlin            Connor Murphy                                     55     0   1  4  
 2 Charles McAvoy           Haydn Fleury                                      45     0   1  4  

Penalty Kill 4 Players Forward 
   Center                   Wing                     Time % Phy DF OF 
 1 Jean-Gabriel Pageau      Ryan Hartman             55     0   4  1  
 2 Drake Batherson          Marcus Foligno           45     0   4  1  

Penalty Kill 4 Players Defense
   Defense                  Defense                  Time % Phy DF OF 
 1 Mark Borowiecki          Connor Murphy            55     0   4  1  
 2 Deryk Engelland          Charles McAvoy           45     0   4  1  

Penalty Kill - 3 Players Forward 
   Forward                                           Time % Phy DF OF 
 1 Ryan Hartman                                      55     0   4  1  
 2 Jean-Gabriel Pageau                               45     0   4  1  

Penalty Kill - 3 Players Defense
   Defense                  Defense                  Time % Phy DF OF 
 1 Charles McAvoy           Connor Murphy            55     0   4  1  
 2 Deryk Engelland          Mark Borowiecki          45     0   4  1  

4 vs 4 Forward 
   Center                   Wing                     Time % Phy DF OF 
 1 Mark Scheifele           Nikita Kucherov          55     0   2  3  
 2 Logan Couture            David Perron             45     0   2  3  

4 vs 4 Defense
   Defense                  Defense                  Time % Phy DF OF 
 1 Charles McAvoy           Connor Murphy            55     1   2  2  
 2 Rasmus Dahlin            Mark Borowiecki          45     1   2  2  

Last Minutes Offensive
   Center                   Left Wing                Right Wing               Defense                  Defense                  
   Mark Scheifele           David Perron             Nikita Kucherov          Charles McAvoy           Rasmus Dahlin            

Last Minutes Defensive
   Center                   Left Wing                Right Wing               Defense                  Defense                  
   Mark Scheifele           Evander Kane             Ryan Hartman             Charles McAvoy           Connor Murphy            

Goaltenders
Starting : Connor Hellebuyck        
Backup : Louis Domingue           

Extra Forwards
Normal : Mark Scheifele, David Perron, Evander Kane - PP : Mark Scheifele, Marcus Foligno - PK : Ryan Hartman
Extra Defensemen
Normal : Connor Murphy, Charles McAvoy, Rasmus Dahlin - PP : Charles McAvoy - PK : Connor Murphy, Charles McAvoy
Penalty Shots
Mark Scheifele, David Perron, Evander Kane, Jean-Gabriel Pageau, Ilya Mikheyev
Custom OT Lines Forwards
Mark Scheifele, David Perron, Nikita Kucherov, Evander Kane, Jean-Gabriel Pageau, Ilya Mikheyev, Robert Fabbri, Drake Batherson, Marcus Foligno, Ryan Hartman
Custom OT Lines Defensemen
Charles McAvoy, Connor Murphy, Rasmus Dahlin, Mark Borowiecki, Vladislav Gavrikov

Scratches
Laurent Brossoit (Fractured Metatarsal (Right Foot) Injury)

REGINA FALCONS

5 vs 5 Forward 
   Center                   Left Wing                Right Wing               Time % Phy DF OF 
 1 Jonathan Miller          Max Pacioretty           David Pastrnak           34     0   2  3  
 2 Ryan Getzlaf             Tanner Pearson           Derick Brassard          33     0   2  3  
 3 Denis Malgin             Filip Zadina             Corey Perry              27     1   2  2  
 4 Christoffer Ehn          Matt Martin              Denis Malgin             6      1   2  2  

5 vs 5 Defense 
   Defense                  Defense                                           Time % Phy DF OF 
 1 Brent Burns              Brandon Carlo                                     35     0   4  1  
 2 Ivan Provorov            Anton Stralman                                    33     0   4  1  
 3 Brenden Dillon           Marc-Edouard Vlasic                               26     0   4  1  
 4 Brenden Dillon           Marc-Edouard Vlasic                               6      0   4  1  

PowerPlay Forward 
   Center                   Left Wing                Right Wing               Time % Phy DF OF 
 1 Ryan Getzlaf             Max Pacioretty           David Pastrnak           55     0   0  5  
 2 Derick Brassard          Tanner Pearson           Jonathan Miller          45     0   0  5  

PowerPlay Defense
   Defense                  Defense                                           Time % Phy DF OF 
 1 Brent Burns              Brandon Carlo                                     55     0   1  4  
 2 Ivan Provorov            Erik Gustafsson                                   45     0   2  3  

Penalty Kill 4 Players Forward 
   Center                   Wing                     Time % Phy DF OF 
 1 Derick Brassard          Filip Zadina             55     0   4  1  
 2 Denis Malgin             Matt Martin              45     0   4  1  

Penalty Kill 4 Players Defense
   Defense                  Defense                  Time % Phy DF OF 
 1 Anton Stralman           Marc-Edouard Vlasic      55     0   5  0  
 2 Ivan Provorov            Brenden Dillon           45     0   5  0  

Penalty Kill - 3 Players Forward 
   Forward                                           Time % Phy DF OF 
 1 Denis Malgin                                      55     0   5  0  
 2 Derick Brassard                                   45     0   5  0  

Penalty Kill - 3 Players Defense
   Defense                  Defense                  Time % Phy DF OF 
 1 Anton Stralman           Marc-Edouard Vlasic      55     0   5  0  
 2 Ivan Provorov            Brenden Dillon           45     0   5  0  

4 vs 4 Forward 
   Center                   Wing                     Time % Phy DF OF 
 1 Jonathan Miller          Max Pacioretty           55     0   2  3  
 2 Ryan Getzlaf             David Pastrnak           45     0   2  3  

4 vs 4 Defense
   Defense                  Defense                  Time % Phy DF OF 
 1 Brent Burns              Brandon Carlo            55     0   3  2  
 2 Ivan Provorov            Anton Stralman           45     0   3  2  

Last Minutes Offensive
   Center                   Left Wing                Right Wing               Defense                  Defense                  
   Ryan Getzlaf             Max Pacioretty           David Pastrnak           Brent Burns              Jonathan Miller          

Last Minutes Defensive
   Center                   Left Wing                Right Wing               Defense                  Defense                  
   Ryan Getzlaf             Jonathan Miller          David Pastrnak           Ivan Provorov            Marc-Edouard Vlasic      

Goaltenders
Starting : Tristan Jarry            
Backup : Anton Khudobin           

Extra Forwards
Normal : David Pastrnak, Jonathan Miller, Max Pacioretty - PP : Derick Brassard, Max Pacioretty - PK : Tanner Pearson
Extra Defensemen
Normal : Ivan Provorov, Brent Burns, Anton Stralman - PP : Brandon Carlo - PK : Brent Burns, Marc-Edouard Vlasic
Penalty Shots
Jonathan Miller, David Pastrnak, Max Pacioretty, Tanner Pearson, Ryan Getzlaf
Custom OT Lines Forwards
Jonathan Miller, Ryan Getzlaf, David Pastrnak, Max Pacioretty, Tanner Pearson, Derick Brassard, Christoffer Ehn, Corey Perry, Matt Martin, Denis Malgin
Custom OT Lines Defensemen
Brent Burns, Brandon Carlo, Ivan Provorov, Brenden Dillon, Marc-Edouard Vlasic

Scratches
Jonathan Audy-Marchessault (Right Foot Injury)

% Time on Ice - SAN DIEGO THUNDER

Lines # - Real PCT - Wanted PCT - Time Play
Normal Forward
1 - 37% - 35% - 16:58
2 - 33% - 30% - 15:03
3 - 29% - 29% - 13:22
4 - 1% - 6% - 0:39
Normal Defense
1 - 34% - 36% - 15:26
2 - 34% - 31% - 15:30
3 - 28% - 18% - 12:45
4 - 5% - 15% - 2:21
PP Forward
1 - 66% - 55% - 2:40
2 - 34% - 45% - 1:23
PP Defense
1 - 64% - 55% - 2:36
2 - 36% - 45% - 1:27
PK Forward
1 - 50% - 55% - 4:59
2 - 50% - 45% - 4:56
PK Defense
1 - 57% - 55% - 5:42
2 - 43% - 45% - 4:13
PK3 Forward
1 - 0% - 55%
2 - 0% - 45%
PK3 Defense
1 - 0% - 55%
2 - 0% - 45%
44 Forward
1 - 0% - 55%
2 - 0% - 45%
44 Defense
1 - 0% - 55%
2 - 0% - 45%
Last Minute Offensive  - 0:00
Last Minute Defensive  - 0:00
Total
Forward - 60:00
Defense - 60:00

% Time on Ice - REGINA FALCONS

Lines # - Real PCT - Wanted PCT - Time Play
Normal Forward
1 - 37% - 34% - 17:01
2 - 22% - 33% - 10:10
3 - 32% - 27% - 14:33
4 - 9% - 6% - 4:18
Normal Defense
1 - 38% - 35% - 17:37
2 - 34% - 33% - 15:47
3 - 26% - 26% - 11:51
4 - 2% - 6% - 0:47
PP Forward
1 - 45% - 55% - 4:27
2 - 55% - 45% - 5:28
PP Defense
1 - 49% - 55% - 4:49
2 - 51% - 45% - 5:06
PK Forward
1 - 62% - 55% - 2:30
2 - 38% - 45% - 1:33
PK Defense
1 - 52% - 55% - 2:06
2 - 48% - 45% - 1:57
PK3 Forward
1 - 0% - 55%
2 - 0% - 45%
PK3 Defense
1 - 0% - 55%
2 - 0% - 45%
44 Forward
1 - 0% - 55%
2 - 0% - 45%
44 Defense
1 - 0% - 55%
2 - 0% - 45%
Last Minute Offensive  - 0:00
Last Minute Defensive  - 0:00
Total
Forward - 60:00
Defense - 60:00

Play-by-Play

1st period


0:01 of 1st period - Jonathan Miller wins face-off versus Mark Scheifele in neutral zone.
0:03 of 1st period - Minor Penalty to Mark Borowiecki for Tripping.
0:04 of 1st period - Ryan Getzlaf wins face-off versus Jean-Gabriel Pageau in SAN DIEGO THUNDER zone.
1:16 of 1st period - Shot by Jean-Gabriel Pageau.
1:16 of 1st period - Stopped by Tristan Jarry with a rebound.
2:28 of 1st period - Shot by Nikita Kucherov.
2:28 of 1st period - Goal by Nikita Kucherov - SAN DIEGO THUNDER : 1 - REGINA FALCONS : 0.
2:29 of 1st period - Logan Couture wins face-off versus Christoffer Ehn in neutral zone.
2:34 of 1st period - Icing by Ivan Provorov.
2:35 of 1st period - Logan Couture wins face-off versus Christoffer Ehn in REGINA FALCONS zone.
2:42 of 1st period - Shot by Logan Couture.
2:42 of 1st period - Shot Blocked by Ivan Provorov.
2:54 of 1st period - Shot by David Perron.
2:54 of 1st period - Shot Misses the Net.
3:06 of 1st period - Shot by Ilya Mikheyev.
3:06 of 1st period - Shot Misses the Net.
3:08 of 1st period - Shot by Mark Borowiecki.
3:08 of 1st period - Shot Blocked by Anton Stralman.
3:10 of 1st period - Shot by Ilya Mikheyev.
3:10 of 1st period - Shot Blocked by Denis Malgin.
3:12 of 1st period - Shot by Ilya Mikheyev.
3:12 of 1st period - Shot Blocked by Anton Stralman.
3:14 of 1st period - Shot by David Perron.
3:14 of 1st period - Shot Misses the Net.
3:16 of 1st period - Shot by Mark Borowiecki.
3:16 of 1st period - Stopped by Tristan Jarry without a rebound.
3:17 of 1st period - Jean-Gabriel Pageau wins face-off versus Ryan Getzlaf in REGINA FALCONS zone.
3:36 of 1st period - Shot by Tanner Pearson.
3:36 of 1st period - Stopped by Connor Hellebuyck with a rebound.
3:43 of 1st period - Derick Brassard is hit by Connor Murphy and loses puck.
3:48 of 1st period - Shot by Ryan Getzlaf.
3:48 of 1st period - Shot Blocked by Rasmus Dahlin.
3:50 of 1st period - Shot by Brandon Carlo.
3:50 of 1st period - Stopped by Connor Hellebuyck without a rebound.
3:51 of 1st period - Mark Scheifele wins face-off versus Jonathan Miller in SAN DIEGO THUNDER zone.
3:51 of 1st period - Nikita Kucherov is hit by Jonathan Miller and loses puck.
4:16 of 1st period - Shot by David Pastrnak.
4:16 of 1st period - Stopped by Connor Hellebuyck with a rebound.
4:57 of 1st period - Icing by Charles McAvoy.
4:58 of 1st period - Logan Couture wins face-off versus Denis Malgin in SAN DIEGO THUNDER zone.
5:26 of 1st period - Icing by Mark Borowiecki.
5:27 of 1st period - Logan Couture wins face-off versus Ryan Getzlaf in SAN DIEGO THUNDER zone.
5:32 of 1st period - Shot by Logan Couture.
5:32 of 1st period - Shot Misses the Net.
5:40 of 1st period - Shot by Logan Couture.
5:40 of 1st period - Deflect By David Perron.
5:40 of 1st period - Stopped by Tristan Jarry without a rebound.
5:41 of 1st period - Jonathan Miller wins face-off versus Jean-Gabriel Pageau in REGINA FALCONS zone.
5:41 of 1st period - Jonathan Miller is hit by Marcus Foligno.
5:42 of 1st period - Jonathan Miller from REGINA FALCONS is injured at 5:42 of 1st period (Right Ankle).
5:43 of 1st period - Jean-Gabriel Pageau wins face-off versus Ryan Getzlaf in REGINA FALCONS zone.
5:45 of 1st period - Ryan Hartman is hit by Anton Stralman and loses puck.
6:11 of 1st period - Double Minor Penalty to Ivan Provorov for Roughing.
6:12 of 1st period - Mark Scheifele wins face-off versus Derick Brassard in REGINA FALCONS zone.
6:12 of 1st period - Mark Scheifele is hit by Marc-Edouard Vlasic.
6:14 of 1st period - Shot by David Perron.
6:14 of 1st period - Stopped by Tristan Jarry without a rebound.
6:15 of 1st period - Mark Scheifele wins face-off versus Derick Brassard in REGINA FALCONS zone.
6:25 of 1st period - Shot by Connor Murphy.
6:25 of 1st period - Stopped by Tristan Jarry without a rebound.
6:26 of 1st period - Mark Scheifele wins face-off versus Filip Zadina in REGINA FALCONS zone.
6:29 of 1st period - Shot by David Perron.
6:29 of 1st period - Stopped by Tristan Jarry without a rebound.
6:30 of 1st period - Derick Brassard wins face-off versus Mark Scheifele in REGINA FALCONS zone.
6:42 of 1st period - Icing by Mark Scheifele.
6:43 of 1st period - Nikita Kucherov wins face-off versus Derick Brassard in SAN DIEGO THUNDER zone.
7:06 of 1st period - Shot by David Perron.
7:06 of 1st period - Shot Blocked by Brent Burns.
7:32 of 1st period - Derick Brassard is hit by David Perron and loses puck.
8:11 of 1st period - Shot by Jean-Gabriel Pageau.
8:11 of 1st period - Stopped by Tristan Jarry without a rebound.
8:12 of 1st period - Jean-Gabriel Pageau wins face-off versus Denis Malgin in REGINA FALCONS zone.
8:54 of 1st period - Off-side.
8:55 of 1st period - Mark Scheifele wins face-off versus Denis Malgin in neutral zone.
9:01 of 1st period - Nikita Kucherov is hit by Anton Stralman.
9:20 of 1st period - Shot by Nikita Kucherov.
9:20 of 1st period - Stopped by Tristan Jarry without a rebound.
9:21 of 1st period - Jean-Gabriel Pageau wins face-off versus Denis Malgin in REGINA FALCONS zone.
9:35 of 1st period - Off-side.
9:36 of 1st period - Mark Scheifele wins face-off versus Denis Malgin in neutral zone.
10:31 of 1st period - Shot by David Pastrnak.
10:31 of 1st period - Shot Misses the Net.
11:13 of 1st period - Shot by Denis Malgin.
11:13 of 1st period - Stopped by Connor Hellebuyck without a rebound.
11:14 of 1st period - Denis Malgin wins face-off versus Mark Scheifele in SAN DIEGO THUNDER zone.
11:43 of 1st period - Shot by Denis Malgin.
11:43 of 1st period - Stopped by Connor Hellebuyck without a rebound.
11:44 of 1st period - Ryan Getzlaf wins face-off versus David Perron in SAN DIEGO THUNDER zone.
12:43 of 1st period - Brent Burns is hit by Logan Couture and loses puck.
12:50 of 1st period - Shot by David Pastrnak.
12:50 of 1st period - Stopped by Connor Hellebuyck without a rebound.
12:51 of 1st period - Mark Scheifele wins face-off versus Denis Malgin in SAN DIEGO THUNDER zone.
12:51 of 1st period - Mark Scheifele is hit by Denis Malgin.
13:00 of 1st period - Shot by Filip Zadina.
13:00 of 1st period - Stopped by Connor Hellebuyck without a rebound.
13:01 of 1st period - Mark Scheifele wins face-off versus Derick Brassard in SAN DIEGO THUNDER zone.
13:01 of 1st period - Mark Scheifele is hit by Max Pacioretty.
13:07 of 1st period - Mark Borowiecki is hit by Derick Brassard and loses puck.
13:12 of 1st period - Shot by David Pastrnak.
13:12 of 1st period - Shot Blocked by Charles McAvoy.
13:20 of 1st period - Shot by Max Pacioretty.
13:20 of 1st period - Shot Blocked by Mark Borowiecki.
13:30 of 1st period - Shot by Max Pacioretty.
13:30 of 1st period - Stopped by Connor Hellebuyck with a rebound.
13:32 of 1st period - Shot by David Pastrnak.
13:32 of 1st period - Shot Blocked by Charles McAvoy.
13:42 of 1st period - Shot by David Pastrnak.
13:42 of 1st period - Shot Misses the Net.
14:09 of 1st period - Filip Zadina is hit by Mark Borowiecki and loses puck.
14:14 of 1st period - Shot by Filip Zadina.
14:14 of 1st period - Shot Misses the Net.
14:18 of 1st period - Shot by Filip Zadina.
14:18 of 1st period - Stopped by Connor Hellebuyck with a rebound.
14:37 of 1st period - Icing by Charles McAvoy.
14:38 of 1st period - Mark Scheifele wins face-off versus Derick Brassard in SAN DIEGO THUNDER zone.
14:50 of 1st period - Shot by Max Pacioretty.
14:50 of 1st period - Shot Misses the Net.
14:55 of 1st period - David Pastrnak is hit by Mark Borowiecki and loses puck.
15:41 of 1st period - Shot by Christoffer Ehn.
15:41 of 1st period - Stopped by Connor Hellebuyck with a rebound.
15:43 of 1st period - Shot by Christoffer Ehn.
15:43 of 1st period - Shot Misses the Net.
15:45 of 1st period - Shot by Matt Martin.
15:45 of 1st period - Stopped by Connor Hellebuyck with a rebound.
16:18 of 1st period - Off-side.
16:19 of 1st period - Logan Couture wins face-off versus Ryan Getzlaf in neutral zone.
16:34 of 1st period - Shot by David Perron.
16:34 of 1st period - Shot Misses the Net.
16:36 of 1st period - Shot by Ilya Mikheyev.
16:36 of 1st period - Shot Misses the Net.
16:48 of 1st period - Shot by Tanner Pearson.
16:48 of 1st period - Shot Misses the Net.
16:51 of 1st period - Icing by Rasmus Dahlin.
16:52 of 1st period - Logan Couture wins face-off versus Ryan Getzlaf in SAN DIEGO THUNDER zone.
17:12 of 1st period - Off-side.
17:13 of 1st period - Jean-Gabriel Pageau wins face-off versus Denis Malgin in neutral zone.
18:38 of 1st period - Logan Couture is hit by Brandon Carlo and loses puck.
19:01 of 1st period - Shot by Logan Couture.
19:01 of 1st period - Shot Misses the Net.
Goals for this period are 1 for SAN DIEGO THUNDER vs 0 for REGINA FALCONS.
Shots for this period are 9 for SAN DIEGO THUNDER vs 11 for REGINA FALCONS.

2nd period


0:01 of 2nd period - Jean-Gabriel Pageau wins face-off versus Tanner Pearson in neutral zone.
0:06 of 2nd period - Shot by Ryan Hartman.
0:06 of 2nd period - Stopped by Tristan Jarry without a rebound.
0:07 of 2nd period - Ryan Getzlaf wins face-off versus Jean-Gabriel Pageau in REGINA FALCONS zone.
0:09 of 2nd period - Tanner Pearson is hit by Ryan Hartman and loses puck.
0:13 of 2nd period - Ivan Provorov is hit by Mark Borowiecki and loses puck.
0:38 of 2nd period - Icing by Mark Borowiecki.
0:39 of 2nd period - Jean-Gabriel Pageau wins face-off versus Denis Malgin in SAN DIEGO THUNDER zone.
0:39 of 2nd period - Jean-Gabriel Pageau is hit by Denis Malgin.
0:57 of 2nd period - Jean-Gabriel Pageau is hit by Brenden Dillon and loses puck.
2:18 of 2nd period - Icing by Vladislav Gavrikov.
2:19 of 2nd period - Mark Scheifele wins face-off versus Christoffer Ehn in SAN DIEGO THUNDER zone.
3:10 of 2nd period - Shot by David Perron.
3:10 of 2nd period - Stopped by Tristan Jarry with a rebound.
3:30 of 2nd period - Shot by Derick Brassard.
3:30 of 2nd period - Shot Blocked by Mark Borowiecki.
3:32 of 2nd period - Shot by Ryan Getzlaf.
3:32 of 2nd period - Stopped by Connor Hellebuyck with a rebound.
3:34 of 2nd period - Shot by Tanner Pearson.
3:34 of 2nd period - Shot Misses the Net.
3:39 of 2nd period - Tanner Pearson is hit by Mark Borowiecki and loses puck.
4:02 of 2nd period - Shot by Max Pacioretty.
4:02 of 2nd period - Shot Misses the Net.
4:09 of 2nd period - Off-side.
4:10 of 2nd period - Mark Scheifele wins face-off versus Christoffer Ehn in neutral zone.
4:15 of 2nd period - David Pastrnak is hit by Mark Scheifele and loses puck.
4:53 of 2nd period - Icing by Rasmus Dahlin.
4:54 of 2nd period - Denis Malgin wins face-off versus Mark Scheifele in SAN DIEGO THUNDER zone.
4:55 of 2nd period - Shot by Corey Perry.
4:55 of 2nd period - Deflect By Filip Zadina.
4:55 of 2nd period - Stopped by Connor Hellebuyck without a rebound.
4:56 of 2nd period - Denis Malgin wins face-off versus Logan Couture in SAN DIEGO THUNDER zone.
5:35 of 2nd period - Shot by Denis Malgin.
5:35 of 2nd period - Stopped by Connor Hellebuyck without a rebound.
5:36 of 2nd period - Ryan Getzlaf wins face-off versus Jean-Gabriel Pageau in SAN DIEGO THUNDER zone.
6:09 of 2nd period - Marc-Edouard Vlasic is hit by Ryan Hartman and loses puck.
7:09 of 2nd period - Off-side.
7:10 of 2nd period - Logan Couture wins face-off versus Filip Zadina in neutral zone.
7:51 of 2nd period - Shot by Logan Couture.
7:51 of 2nd period - Deflect By David Perron.
7:51 of 2nd period - Stopped by Tristan Jarry without a rebound.
7:52 of 2nd period - Jean-Gabriel Pageau wins face-off versus Derick Brassard in REGINA FALCONS zone.
8:06 of 2nd period - Shot by Jean-Gabriel Pageau.
8:06 of 2nd period - Shot Misses the Net.
8:14 of 2nd period - Shot by Marcus Foligno.
8:14 of 2nd period - Stopped by Tristan Jarry with a rebound.
8:16 of 2nd period - Shot by Marcus Foligno.
8:16 of 2nd period - Stopped by Tristan Jarry without a rebound.
8:17 of 2nd period - Mark Scheifele wins face-off versus Christoffer Ehn in REGINA FALCONS zone.
8:21 of 2nd period - Shot by Nikita Kucherov.
8:21 of 2nd period - Shot Misses the Net.
8:23 of 2nd period - Shot by Rasmus Dahlin.
8:23 of 2nd period - Goal by Rasmus Dahlin - SAN DIEGO THUNDER : 2 - REGINA FALCONS : 0.
8:24 of 2nd period - Max Pacioretty wins face-off versus Mark Scheifele in neutral zone.
8:31 of 2nd period - Shot by David Pastrnak.
8:31 of 2nd period - Shot Misses the Net.
8:45 of 2nd period - Shot by Evander Kane.
8:45 of 2nd period - Shot Misses the Net.
8:47 of 2nd period - Shot by Mark Borowiecki.
8:47 of 2nd period - Stopped by Tristan Jarry without a rebound.
8:48 of 2nd period - Denis Malgin wins face-off versus Logan Couture in REGINA FALCONS zone.
9:15 of 2nd period - Icing by Deryk Engelland.
9:16 of 2nd period - Logan Couture wins face-off versus Derick Brassard in SAN DIEGO THUNDER zone.
9:55 of 2nd period - Icing by Logan Couture.
9:56 of 2nd period - Denis Malgin wins face-off versus Logan Couture in SAN DIEGO THUNDER zone.
9:57 of 2nd period - Shot by Brent Burns.
9:57 of 2nd period - Stopped by Connor Hellebuyck without a rebound.
9:58 of 2nd period - Jean-Gabriel Pageau wins face-off versus Denis Malgin in SAN DIEGO THUNDER zone.
10:22 of 2nd period - Shot by Ryan Hartman.
10:22 of 2nd period - Shot Misses the Net.
10:28 of 2nd period - Shot by Jean-Gabriel Pageau.
10:28 of 2nd period - Shot Misses the Net.
11:19 of 2nd period - Shot by Evander Kane.
11:19 of 2nd period - Goal by Evander Kane - SAN DIEGO THUNDER : 3 - REGINA FALCONS : 0.
11:20 of 2nd period - Ryan Getzlaf wins face-off versus Logan Couture in neutral zone.
11:26 of 2nd period - Icing by Logan Couture.
11:27 of 2nd period - Ryan Getzlaf wins face-off versus Logan Couture in SAN DIEGO THUNDER zone.
11:34 of 2nd period - Shot by Ryan Getzlaf.
11:34 of 2nd period - Stopped by Connor Hellebuyck without a rebound.
11:35 of 2nd period - Mark Scheifele wins face-off versus Ryan Getzlaf in SAN DIEGO THUNDER zone.
11:43 of 2nd period - Ryan Getzlaf is hit by Charles McAvoy.
12:02 of 2nd period - Ryan Getzlaf is hit by Mark Borowiecki and loses puck.
12:34 of 2nd period - Icing by Anton Stralman.
12:35 of 2nd period - Ryan Getzlaf wins face-off versus Ryan Hartman in REGINA FALCONS zone.
12:35 of 2nd period - Ryan Getzlaf is hit by Marcus Foligno.
12:38 of 2nd period - Tanner Pearson is hit by Marcus Foligno and loses puck.
13:02 of 2nd period - Minor Penalty to Marcus Foligno for Roughing.
13:03 of 2nd period - Christoffer Ehn wins face-off versus Jean-Gabriel Pageau in SAN DIEGO THUNDER zone.
13:10 of 2nd period - Shot by Max Pacioretty.
13:10 of 2nd period - Shot Blocked by Connor Murphy.
13:12 of 2nd period - Shot by Brent Burns.
13:12 of 2nd period - Stopped by Connor Hellebuyck without a rebound.
13:13 of 2nd period - Jean-Gabriel Pageau wins face-off versus Ryan Getzlaf in SAN DIEGO THUNDER zone.
13:32 of 2nd period - Shot by Max Pacioretty.
13:32 of 2nd period - Shot Misses the Net.
14:57 of 2nd period - Shot by David Pastrnak.
14:57 of 2nd period - Shot Misses the Net.
14:59 of 2nd period - Shot by David Pastrnak.
14:59 of 2nd period - Shot Misses the Net.
15:09 of 2nd period - Shot by Filip Zadina.
15:09 of 2nd period - Shot Misses the Net.
15:36 of 2nd period - Icing by Marc-Edouard Vlasic.
15:37 of 2nd period - Mark Scheifele wins face-off versus Denis Malgin in REGINA FALCONS zone.
16:27 of 2nd period - Ryan Hartman is hit by Brenden Dillon and loses puck.
16:39 of 2nd period - Off-side.
16:40 of 2nd period - Ryan Getzlaf wins face-off versus Logan Couture in neutral zone.
16:54 of 2nd period - Shot by Rasmus Dahlin.
16:54 of 2nd period - Stopped by Tristan Jarry with a rebound.
16:56 of 2nd period - Shot by Rasmus Dahlin.
16:56 of 2nd period - Stopped by Tristan Jarry with a rebound.
17:13 of 2nd period - Icing by Brandon Carlo.
17:14 of 2nd period - Ryan Getzlaf wins face-off versus Mark Scheifele in REGINA FALCONS zone.
17:14 of 2nd period - Ryan Getzlaf is hit by Nikita Kucherov.
17:27 of 2nd period - Minor Penalty to Charles McAvoy for Holding.
17:28 of 2nd period - Ryan Getzlaf wins face-off versus Jean-Gabriel Pageau in SAN DIEGO THUNDER zone.
17:59 of 2nd period - Shot by Ryan Getzlaf.
17:59 of 2nd period - Shot Blocked by Deryk Engelland.
18:23 of 2nd period - Icing by Brandon Carlo.
18:24 of 2nd period - Derick Brassard wins face-off versus Drake Batherson in REGINA FALCONS zone.
18:33 of 2nd period - Shot by Tanner Pearson.
18:33 of 2nd period - Shot Misses the Net.
18:35 of 2nd period - Shot by Tanner Pearson.
18:35 of 2nd period - Stopped by Connor Hellebuyck without a rebound.
18:36 of 2nd period - Jean-Gabriel Pageau wins face-off versus Derick Brassard in SAN DIEGO THUNDER zone.
19:31 of 2nd period - Filip Zadina is hit by Logan Couture and loses puck.
19:44 of 2nd period - Filip Zadina is hit by Ilya Mikheyev and loses puck.
19:53 of 2nd period - Icing by Logan Couture.
19:54 of 2nd period - Matt Martin wins face-off versus Logan Couture in SAN DIEGO THUNDER zone.
19:54 of 2nd period - Ivan Provorov is hit by Mark Borowiecki and loses puck.
Goals for this period are 2 for SAN DIEGO THUNDER vs 0 for REGINA FALCONS.
Shots for this period are 10 for SAN DIEGO THUNDER vs 7 for REGINA FALCONS.

3rd period


0:01 of 3rd period - Mark Scheifele wins face-off versus Tanner Pearson in neutral zone.
0:26 of 3rd period - Shot by Mark Scheifele.
0:26 of 3rd period - Shot Blocked by Ivan Provorov.
0:28 of 3rd period - Shot by Mark Borowiecki.
0:28 of 3rd period - Stopped by Tristan Jarry without a rebound.
0:29 of 3rd period - Derick Brassard wins face-off versus Ryan Hartman in REGINA FALCONS zone.
0:29 of 3rd period - Derick Brassard is hit by Marcus Foligno.
0:55 of 3rd period - Shot by Marcus Foligno.
0:55 of 3rd period - Stopped by Tristan Jarry without a rebound.
0:56 of 3rd period - Denis Malgin wins face-off versus Logan Couture in REGINA FALCONS zone.
1:17 of 3rd period - Shot by Logan Couture.
1:17 of 3rd period - Stopped by Tristan Jarry with a rebound.
1:31 of 3rd period - Off-side.
1:32 of 3rd period - Derick Brassard wins face-off versus Nikita Kucherov in neutral zone.
2:05 of 3rd period - Shot by Mark Scheifele.
2:05 of 3rd period - Stopped by Tristan Jarry with a rebound.
2:31 of 3rd period - Shot by Jean-Gabriel Pageau.
2:31 of 3rd period - Shot Misses the Net.
2:33 of 3rd period - Shot by Connor Murphy.
2:33 of 3rd period - Stopped by Tristan Jarry with a rebound.
2:39 of 3rd period - Shot by Rasmus Dahlin.
2:39 of 3rd period - Shot Misses the Net.
2:41 of 3rd period - Shot by Marcus Foligno.
2:41 of 3rd period - Shot Blocked by David Pastrnak.
2:43 of 3rd period - Shot by Marcus Foligno.
2:43 of 3rd period - Shot Blocked by Brandon Carlo.
2:45 of 3rd period - Shot by Ryan Hartman.
2:45 of 3rd period - Shot Misses the Net.
3:03 of 3rd period - Shot by Marcus Foligno.
3:03 of 3rd period - Stopped by Tristan Jarry without a rebound.
3:04 of 3rd period - Denis Malgin wins face-off versus Logan Couture in REGINA FALCONS zone.
3:04 of 3rd period - Denis Malgin is hit by Mark Borowiecki.
3:07 of 3rd period - Minor Penalty to Ilya Mikheyev for Hooking.
3:08 of 3rd period - Ryan Getzlaf wins face-off versus Jean-Gabriel Pageau in SAN DIEGO THUNDER zone.
3:09 of 3rd period - Shot by Tanner Pearson.
3:09 of 3rd period - Deflect By Ryan Getzlaf.
3:09 of 3rd period - Stopped by Connor Hellebuyck without a rebound.
3:10 of 3rd period - Jean-Gabriel Pageau wins face-off versus Ryan Getzlaf in SAN DIEGO THUNDER zone.
3:29 of 3rd period - Shot by Tanner Pearson.
3:29 of 3rd period - Shot Hit the Post.
4:24 of 3rd period - Charles McAvoy is hit by Ryan Getzlaf and loses puck.
4:41 of 3rd period - Shot by Marcus Foligno.
4:41 of 3rd period - Shot Blocked by Tanner Pearson.
5:07 of 3rd period - Shot by David Pastrnak.
5:07 of 3rd period - Stopped by Connor Hellebuyck without a rebound.
5:08 of 3rd period - Mark Scheifele wins face-off versus Derick Brassard in SAN DIEGO THUNDER zone.
5:37 of 3rd period - Shot by David Pastrnak.
5:37 of 3rd period - Stopped by Connor Hellebuyck without a rebound.
5:38 of 3rd period - Logan Couture wins face-off versus Max Pacioretty in SAN DIEGO THUNDER zone.
5:40 of 3rd period - Icing by Ilya Mikheyev.
5:41 of 3rd period - Derick Brassard wins face-off versus Logan Couture in SAN DIEGO THUNDER zone.
5:50 of 3rd period - Shot by David Pastrnak.
5:50 of 3rd period - Shot Blocked by Charles McAvoy.
5:59 of 3rd period - Icing by Mark Borowiecki.
6:00 of 3rd period - Logan Couture wins face-off versus Ryan Getzlaf in SAN DIEGO THUNDER zone.
6:19 of 3rd period - Shot by David Perron.
6:19 of 3rd period - Shot Misses the Net.
6:21 of 3rd period - Shot by Charles McAvoy.
6:21 of 3rd period - Stopped by Tristan Jarry without a rebound.
6:22 of 3rd period - Mark Scheifele wins face-off versus Filip Zadina in REGINA FALCONS zone.
6:23 of 3rd period - Shot by Evander Kane.
6:23 of 3rd period - Shot Blocked by Corey Perry.
6:36 of 3rd period - Mark Scheifele is hit by Brandon Carlo and loses puck.
7:25 of 3rd period - Ryan Hartman is hit by Brandon Carlo and loses puck.
7:35 of 3rd period - Jean-Gabriel Pageau is hit by Brandon Carlo.
8:11 of 3rd period - Icing by Mark Borowiecki.
8:12 of 3rd period - Max Pacioretty wins face-off versus Ilya Mikheyev in SAN DIEGO THUNDER zone.
8:12 of 3rd period - Max Pacioretty is hit by Mark Borowiecki.
8:18 of 3rd period - Shot by Max Pacioretty.
8:18 of 3rd period - Stopped by Connor Hellebuyck without a rebound.
8:19 of 3rd period - Logan Couture wins face-off versus Ryan Getzlaf in SAN DIEGO THUNDER zone.
8:26 of 3rd period - Shot by David Perron.
8:26 of 3rd period - Stopped by Tristan Jarry without a rebound.
8:27 of 3rd period - Ryan Getzlaf wins face-off versus Logan Couture in REGINA FALCONS zone.
8:27 of 3rd period - David Pastrnak is hit by Mark Borowiecki and loses puck.
8:35 of 3rd period - Minor Penalty to David Perron for Interference.
8:36 of 3rd period - Ryan Getzlaf wins face-off versus Jean-Gabriel Pageau in SAN DIEGO THUNDER zone.
10:02 of 3rd period - Icing by Brandon Carlo.
10:03 of 3rd period - Christoffer Ehn wins face-off versus Drake Batherson in REGINA FALCONS zone.
10:49 of 3rd period - Shot by Max Pacioretty.
10:49 of 3rd period - Shot Hit the Post.
10:55 of 3rd period - Shot by David Pastrnak.
10:55 of 3rd period - Shot Misses the Net.
10:57 of 3rd period - Shot by Brenden Dillon.
10:57 of 3rd period - Stopped by Connor Hellebuyck without a rebound.
10:58 of 3rd period - Mark Scheifele wins face-off versus Denis Malgin in SAN DIEGO THUNDER zone.
11:23 of 3rd period - Shot by Mark Scheifele.
11:23 of 3rd period - Shot Hit the Post.
11:25 of 3rd period - Shot by Evander Kane.
11:25 of 3rd period - Shot Blocked by Anton Stralman.
11:41 of 3rd period - Shot by Nikita Kucherov.
11:41 of 3rd period - Shot Misses the Net.
11:58 of 3rd period - Ilya Mikheyev is hit by Anton Stralman and loses puck.
12:09 of 3rd period - Shot by Logan Couture.
12:09 of 3rd period - Shot Misses the Net.
12:13 of 3rd period - Shot by David Perron.
12:13 of 3rd period - Deflect By Logan Couture.
12:13 of 3rd period - Shot Misses the Net.
13:06 of 3rd period - Off-side.
13:07 of 3rd period - Mark Scheifele wins face-off versus Derick Brassard in neutral zone.
13:14 of 3rd period - Shot by Evander Kane.
13:14 of 3rd period - Shot Misses the Net.
13:29 of 3rd period - Mark Scheifele is hit by Brenden Dillon and loses puck.
13:33 of 3rd period - Icing by Brenden Dillon.
13:34 of 3rd period - Ryan Getzlaf wins face-off versus Logan Couture in REGINA FALCONS zone.
13:36 of 3rd period - Icing by Tanner Pearson.
13:37 of 3rd period - Ryan Getzlaf wins face-off versus Jean-Gabriel Pageau in REGINA FALCONS zone.
13:50 of 3rd period - Shot by Tanner Pearson.
13:50 of 3rd period - Stopped by Connor Hellebuyck without a rebound.
13:51 of 3rd period - Mark Scheifele wins face-off versus Derick Brassard in SAN DIEGO THUNDER zone.
14:14 of 3rd period - Brandon Carlo is hit by Evander Kane and loses puck.
14:21 of 3rd period - Shot by Nikita Kucherov.
14:21 of 3rd period - Stopped by Tristan Jarry with a rebound.
14:30 of 3rd period - Icing by Brent Burns.
14:31 of 3rd period - Derick Brassard wins face-off versus Jean-Gabriel Pageau in REGINA FALCONS zone.
14:38 of 3rd period - Shot by Max Pacioretty.
14:38 of 3rd period - Stopped by Connor Hellebuyck without a rebound.
14:39 of 3rd period - Ryan Getzlaf wins face-off versus Logan Couture in SAN DIEGO THUNDER zone.
14:44 of 3rd period - Shot by Max Pacioretty.
14:44 of 3rd period - Stopped by Connor Hellebuyck with a rebound.
14:46 of 3rd period - Shot by David Pastrnak.
14:46 of 3rd period - Deflect By Max Pacioretty.
14:46 of 3rd period - Shot Blocked by Charles McAvoy.
14:48 of 3rd period - Shot by Brenden Dillon.
14:48 of 3rd period - Shot Blocked by Mark Borowiecki.
15:16 of 3rd period - David Pastrnak is hit by Mark Borowiecki and loses puck.
16:58 of 3rd period - Shot by Mark Scheifele.
16:58 of 3rd period - Deflect By Nikita Kucherov.
16:58 of 3rd period - Shot Misses the Net.
17:35 of 3rd period - Shot by Derick Brassard.
17:35 of 3rd period - Shot Misses the Net.
17:37 of 3rd period - Shot by Filip Zadina.
17:37 of 3rd period - Stopped by Connor Hellebuyck without a rebound.
17:38 of 3rd period - Logan Couture wins face-off versus David Pastrnak in SAN DIEGO THUNDER zone.
17:42 of 3rd period - David Perron is hit by Brent Burns.
17:46 of 3rd period - Shot by Ilya Mikheyev.
17:46 of 3rd period - Shot Blocked by Ryan Getzlaf.
18:16 of 3rd period - Shot by Ilya Mikheyev.
18:16 of 3rd period - Goal by Ilya Mikheyev - SAN DIEGO THUNDER : 4 - REGINA FALCONS : 0.
18:17 of 3rd period - Christoffer Ehn wins face-off versus Jean-Gabriel Pageau in neutral zone.
19:26 of 3rd period - Icing by Mark Borowiecki.
19:27 of 3rd period - Ryan Getzlaf wins face-off versus Logan Couture in SAN DIEGO THUNDER zone.
19:55 of 3rd period - Minor Penalty to Brandon Carlo for Boarding.
19:56 of 3rd period - Derick Brassard wins face-off versus Mark Scheifele in REGINA FALCONS zone.
Goals for this period are 1 for SAN DIEGO THUNDER vs 0 for REGINA FALCONS.
Shots for this period are 10 for SAN DIEGO THUNDER vs 9 for REGINA FALCONS.


NATHAN
MACKINNON
PHILLIP
DANAULT
CONNOR
MCDAVID

EAST COAST

HOCKEY LEAGUE

  • 25.QUE4CHI5
  • 26.CHA2LIM3
  • 27.TRV2LON3
  • 28.CHW4BAL2
  • 29.PITMAN
  • 30.ATLNHW
  • 31.WORPET
  • 32.RHI